 Dungeon Crawl Stone Soup version 0.30-a0-578-gdee14c521f (webtiles) character file.

Game seed: 8096727989320859200

57 wormed the Shooter (level 3, 0/18 HPs)
             Began as a Spriggan Hunter on Dec 31, 2022.
             Killed from afar by Natasha (8 damage)
             ... with a magic dart
             ... on level 2 of the Dungeon.
             The game lasted 00:01:37 (1011 turns).

wormed the Shooter (Spriggan Hunter)                Turns: 1011, Time: 00:01:38

Health: 0/18       AC:  2    Str:  7    XL:     3   Next: 73%
Magic:  4/4        EV: 18    Int: 10    God:
Gold:   79         SH:  0    Dex: 20    Spells: 2/2 levels left

rFire   . . .      SeeInvis +    a - +0 shortbow
rCold   . . .      Faith    +    (shield currently unavailable)
rNeg    . . .      Spirit   .    c - +0 robe
rPois   .          Reflect  .    (helmet restricted)
rElec   .          Harm     .    (no cloak)
rCorr   .          Rampage  .    (gloves unavailable)
Will    .....                    (boots unavailable)
Stlth   +++                      l - amulet of faith
HPRegen 0.23/turn                (no ring)
MPRegen 0.09/turn                (no ring)

@: very quick
A: very small, no large weapons, unfitting armour, see invisible, speed 3
a: no special abilities


You were on level 2 of the Dungeon.
You visited 1 branch of the dungeon, and saw 2 of its levels.

You collected 79 gold pieces.

Inventory:

Hand Weapons
 a - a +0 shortbow (weapon)
Armour
 c - a +0 robe (worn)
Jewellery
 l - an amulet of faith (around neck)
Scrolls
 b - 2 scrolls of immolation
 d - 3 scrolls of identify {unknown}
 e - 2 scrolls of fog {unknown}
 f - a scroll of blinking {unknown}
 h - a scroll of magic mapping {unknown}
 i - a scroll of amnesia {unknown}
 n - a scroll of teleportation {unknown}
Potions
 g - a potion of might {unknown}
 j - a potion of lignification {unknown}
 k - 2 potions of flight {unknown}
 m - 2 potions of curing {unknown}


   Skills:
 + Level 2.0 Fighting
 * Level 4.6 Ranged Weapons
 + Level 3.4 Dodging
 + Level 2.9 Stealth


You had 2 spell levels left.
You didn't know any spells.
Your spell library was empty.

Dungeon Overview and Level Annotations

Branches:
Dungeon (2/15)

Altars:

Annotations:
D:2 Natasha


Innate Abilities, Weirdness & Mutations

You are very small and have problems with some larger weapons.
You are too small for most types of armour.
You have supernaturally acute eyesight. (SInv)
You cover ground extremely quickly. (Speed+++)


Message History

You shoot an arrow. The arrow barely misses the adder.
The adder hisses angrily.
You shoot an arrow. The arrow barely misses the adder.
You shoot an arrow. The arrow misses the adder.
You shoot an arrow.
The arrow hits the adder but does no damage.
The adder closely misses you.
You shoot an arrow. The arrow closely misses the adder.
The adder completely misses you.
You shoot an arrow. The arrow hits the adder!
The adder is almost dead.
The adder misses you. The adder bites you but does no damage.
You shoot an arrow. The arrow hits the adder!
You kill the adder!
No target in view!
m - 2 cyan potions (gained 1)
You now have 79 gold pieces (gained 10).
Natasha, Servant of Life and Death comes into view.
Found 12 gold pieces.
You shoot an arrow. The arrow hits Natasha!
Natasha is heavily wounded.
Natasha stares at you and mumbles some strange words.
You resist with some effort.
You shoot an arrow. The arrow closely misses Natasha.
You shoot an arrow. The arrow completely misses Natasha.
You shoot an arrow. The arrow closely misses Natasha.
Natasha hisses.
Natasha claws you.
You shoot an arrow. The arrow closely misses Natasha.
Natasha misses you.
You shoot an arrow. The arrow hits Natasha.
Natasha is heavily wounded.
Natasha closely misses you. x2
You shoot an arrow. The arrow closely misses Natasha.
Natasha stares at you and mumbles some strange words.
The magic dart hits you.
You are too injured to fight recklessly!
Natasha casts a spell.
Natasha stares at you and mumbles some strange words.
The magic dart hits you!
You die...

#########
#5h$.....
#.# #.#
#.# #@#
#.# #.#
#.# #.#
#.# # #.#
#
######.#
######
#...##.#
#....g


You could see Natasha and a shadow imp (summoned).

Vanquished Creatures
  2 adders (D:2)
  A dart slug (D:1)
  4 endoplasms (D:1)
  3 giant cockroaches
  2 goblins (D:1)
  5 hobgoblins (D:1)
  A quokka (D:1)
  7 ball pythons
  A bat (D:1)
  A frilled lizard (D:1)
  2 kobolds (D:1)
  8 rats
37 creatures vanquished.

Vanquished Creatures (others)
  A plant (D:1)
1 creature vanquished.

Grand Total: 38 creatures vanquished

Notes
Turn   | Place    | Note
-------+----------+-------------------------------------------
     0 | D:1      | wormed the Spriggan Hunter began the quest for the Orb.
     0 | D:1      | Reached XP level 1. HP: 10/10 MP: 2/2
   104 | D:1      | Reached XP level 2. HP: 15/15 MP: 3/3
   254 | D:1      | Found a faded altar of an unknown god.
   525 | D:1      | Reached XP level 3. HP: 18/18 MP: 4/4
  1001 | D:2      | Noticed Natasha
  1011 | D:2      | Killed from afar by Natasha

Illustrated notes

Levels and vault maps discovered:
D:1:      minmay_arrival_diagonal_passages, layout_loops_ring,
          shapermc_ecumenical_altar_mp_urbaneastern
D:2:      layout_loops_ring, minmay_pentomino_u4, uniq_natasha,
          uniq_crazy_yiuf_cottage

Skill      XL: |  1  2  3 |
---------------+----------+-----
Stealth        | 2 |  2.9
Dodging        | 3 |  3.4
Fighting       | 2 |  2.0
Ranged Weapons | |  4.6

Action                   || total
-------------------------++-------
 Fire: Shortbow          ||    99
Armor: Robe              ||     4
Dodge: Dodged            ||    37

Table legend: (Time is in decaauts)
 A = Elapsed time spent in this place.
 B = Non-inter-level travel time spent in this place.
 C = Inter-level travel time spent in this place.
 D = Time resting spent in this place.
 E = Time spent auto-exploring this place.
 F = Levels seen in this place.
 G = Mean time per level.
                   A        B        C        D        E       F      G
               +--------+--------+--------+--------+--------+-----+--------+
         Total |    707 |    679 |     28 |      0 |    483 |   2 |  353.5 |
       Dungeon |    707 |    679 |     28 |      0 |    483 |   2 |  353.5 |
               +--------+--------+--------+--------+--------+-----+--------+

Top non-repeatable levels by time:
     D:1: 558 daAuts
     D:2: 149 daAuts
